 Dungeon Crawl Stone Soup version 0.31-a0-246-g8cbcc1cb85 (webtiles) character file.

Game seed: 5172814823559407531

819 qw the Skirmisher (level 7, -1/61 HPs)
             Began as a Minotaur Hexslinger on July 12, 2023.
             Shot with an arrow by a centaur (10 damage)
             ... on level 5 of the Dungeon.
             The game lasted 00:01:27 (3944 turns).

qw the Skirmisher (Minotaur Hexslinger)             Turns: 3944, Time: 00:01:27

Health: -1/61      AC:  7    Str: 12 (13) XL:     7   Next: 63%
Magic:  0/7        EV: 12    Int: 10      God:
Gold:   40         SH:  0    Dex: 13 (16) Spells: 7/8 levels left

rFire   . . .        i - +1 sling (heavy)
rCold   + . .        (no shield)
rNeg    . . .        c - +0 leather armour {rC+}
rPois   .            (helmet unavailable)
rElec   .            d - +0 cloak
rCorr   .            (no gloves)
SInv    .            l - +2 pair of boots
Will    .....        g - amulet "Waecopp" {Spirit Dex+2 Slay+3}
Stlth   +            (no ring)
HPRegen 0.30/turn    (no ring)
MPRegen 0.10/turn

%: guardian spirit
@: no status effects
A: horns 3, retaliatory headbutt, sense surroundings 1, evolution 1
a: no special abilities


You were on level 5 of the Dungeon.
You visited 1 branch of the dungeon, and saw 5 of its levels.
You also visited: Ossuary.

You collected 200 gold pieces.
You spent 160 gold pieces at shops.


Innate Abilities, Weirdness & Mutations

You have a pair of large horns on your head.
You reflexively headbutt those who attack you in melee.
You passively map a small area around you.
You have hidden genetic potential.


   Skills:
 - Level 5.2 Fighting
 + Level 8.0 Ranged Weapons
 - Level 1.0 Armour
 - Level 2.9 Dodging
 - Level 1.0 Spellcasting
 - Level 2.0 Hexes


You had 7 spell levels left.
You knew the following spells:

 Your Spells              Type           Power      Damage    Failure   Level
a - Slow                  Hex            16%        N/A       19%         1

Your spell library contained the following spells:

 Spells                   Type           Power      Damage    Failure   Level
 Inner Flame              Hex/Fire       2%         N/A       65%         3
 Portal Projectile        Hex/Tloc       4%         N/A       65%         3
 Cause Fear               Hex            2%         N/A       88%         4

Inventory:

Hand Weapons
 i - a +1 heavy sling (weapon)
Armour
 b - a +0 ring mail
 c - a +0 leather armour of cold resistance (worn)
 d - a +0 cloak (worn)
 l - a +2 pair of boots (worn)
Jewellery
 g - the amulet "Waecopp" (around neck) {Spirit Dex+2 Slay+3}
   (You found it on level 3 of the Dungeon)

   [amulet of guardian spirit]

   It causes incoming damage to be divided between your reserves of health and
   magic.
   Dex:       It affects your dexterity (+2).
   Slay:      It affects your accuracy & damage with ranged weapons and melee
   (+3).
Scrolls
 o - a scroll of summoning {unknown}
Potions
 a - 7 potions of curing
 e - a potion of berserk rage {unknown}
 f - a potion of resistance {unknown}
 h - a potion of cancellation
 j - a potion of attraction {unknown}
 k - a potion of heal wounds {unknown}
 m - a potion of mutation
 n - a potion of might

Dungeon Overview and Level Annotations

Branches:
Dungeon (5/15)            Ossuary (visited)
 Temple: D:4-7

Altars:
Ashenzari
Gozag
Hepliaklqana
Qazlal
Trog
Yredelemnul

Shops:
D:4 !*


Message History

You shoot a sling bullet. The hound barks!
The sling bullet hits the hound!!
You kill the hound!
You now have 40 gold pieces (gained 11).
You open the door.
There is an open door here.
A centaur comes into view.
The centaur shouts!
The centaur wields a +0 shortbow.
The centaur shoots an arrow.
The arrow closely misses you.
A centaur comes into view.
The centaur moves out of view.
You shoot a sling bullet. The centaur shouts!
The sling bullet hits the centaur!
The centaur is heavily wounded.
The centaur wields a +0 orcbow.
The centaur shoots an arrow.
The arrow closely misses you.
The centaur shoots an arrow.
The arrow hits you.
You shoot a sling bullet. The sling bullet hits the centaur!
The centaur is almost dead.
The centaur shoots an arrow.
The arrow hits you!
The centaur shoots an arrow.
The arrow closely misses you.
You shoot a sling bullet.
The sling bullet hits the centaur but does no damage.
The centaur is almost dead.
The centaur shoots an arrow.
The arrow hits you!
The centaur shoots an arrow.
The arrow hits you but does no damage.
The centaur shoots an arrow.
The arrow hits you!
The centaur shoots an arrow.
The arrow barely misses you.
The centaur shoots an arrow.
The arrow hits you!
The centaur shoots an arrow.
The arrow hits you!
You shoot a sling bullet. The sling bullet hits the centaur!
You kill the centaur!
The centaur shoots an arrow.
The arrow hits you!
You feel your intelligence returning.
Your Fighting skill increases to level 5!
You shoot a sling bullet. The sling bullet hits the centaur.
The centaur is moderately wounded.
The centaur shoots an arrow.
The arrow hits you!
You die...

#.......#### *..
###...?.(....# , <
#............# *
#..........).#
#............# * *
#............#
#..[.....##'##
..........##..#######
..........##...@....#
*.....#######..##.##..#
....* #.## .c#* .. #.#
#).# #.. , .... , , #.#
*#.#.. * #. ,##.## #. *
. , , *


You could see a centaur.

Vanquished Creatures
  A centaur (D:5)
  2 elf zombies (Ossuary)
  A gnoll sergeant (D:3)
  A scorpion (D:4)
  3 centaur zombies (Ossuary)
  A hound (D:5)
  An iguana (D:4)
  An orc wizard (D:4)
  A hound zombie (Ossuary)
  3 mummies (Ossuary)
  11 gnolls
  5 adders
  4 adder zombies (Ossuary)
  A worm (D:2)
  4 orcs
  9 bats
  10 endoplasms
  2 gnoll zombies (Ossuary)
  5 goblins
  7 hobgoblins
  5 quokkas
  7 ball pythons
  4 frilled lizards
  A goblin zombie (Ossuary)
  5 hobgoblin zombies (Ossuary)
  2 jackal zombies (Ossuary)
  7 kobolds
  4 kobold zombies (Ossuary)
  An orc zombie (Ossuary)
  2 quokka zombies (Ossuary)
  3 rats
  5 rat zombies (Ossuary)
119 creatures vanquished.

Notes
Turn   | Place    | Note
-------+----------+-------------------------------------------
     0 | D:1      | qw the Minotaur Hexslinger began the quest for the Orb.
     0 | D:1      | Reached XP level 1. HP: 16/16 MP: 1/1
     0 | D:1      | 0 ||| qw: Version: 0.3-a-52-g30416fa
     0 | D:1      | 0 ||| qw: Game counter: 6463
     0 | D:1      | 0 ||| qw: Melee chars always use a shield: true
     0 | D:1      | 0 ||| qw: God list: Okawaru
     0 | D:1      | 0 ||| qw: Allow faded altars: false
     0 | D:1      | 0 ||| qw: Do Orc after clearing Dungeon:15 true
     0 | D:1      | 0 ||| qw: Do second Lair branch before Depths: true
     0 | D:1      | 0 ||| qw: Lair rune preference: random
     0 | D:1      | 0 ||| qw: Goals: Normal
     0 | D:1      | 0 ||| PLANNING D:1-11
    23 | D:1      | 23 ||| FLEEEEING.
    24 | D:1      | 24 ||| FLEEEEING.
    25 | D:1      | 25 ||| FLEEEEING.
    26 | D:1      | 26 ||| FLEEEEING.
    27 | D:1      | 27 ||| FLEEEEING.
    28 | D:1      | 28 ||| FLEEEEING.
    29 | D:1      | 29 ||| FLEEEEING.
    30 | D:1      | 30 ||| FLEEEEING.
    31 | D:1      | 31 ||| FLEEEEING.
    32 | D:1      | 32 ||| FLEEEEING.
    33 | D:1      | 33 ||| FLEEEEING.
    34 | D:1      | 34 ||| FLEEEEING.
    35 | D:1      | 35 ||| FLEEEEING.
    62 | D:1      | Reached skill level 3 in Ranged Weapons
    62 | D:1      | Reached XP level 2. HP: 16/23 MP: 2/2
    65 | D:1      | 65 ||| FLEEEEING.
    66 | D:1      | 66 ||| FLEEEEING.
   376 | D:1      | Reached XP level 3. HP: 29/29 MP: 3/3
   567 | D:1      | 567 ||| UPGRADING to +0 leather armour.
   577 | D:1      | 577 ||| DROPPING +0 robe.
   578 | D:1      | 578 ||| READING scroll labelled QYENEUV CUIK.
   579 | D:1      | 579 ||| READING scroll labelled VUKLA ZOOK.
   580 | D:1      | 580 ||| READING scroll labelled UHAAMN CUATA.
   581 | D:1      | 581 ||| DROPPING scroll of poison.
   622 | D:2      | Reached skill level 4 in Ranged Weapons
   735 | D:2      | Reached XP level 4. HP: 34/36 MP: 4/4
   743 | D:2      | HP: 9/36 [gnoll/+0 spear (4)]
   745 | D:2      | Reached skill level 5 in Ranged Weapons
  1286 | D:2      | Found a faded altar of an unknown god.
  1292 | D:2      | 1292 ||| UPGRADING to +0 leather armour of cold resistance.
  1302 | D:2      | 1302 ||| Stepping ~*~*~tactically~*~*~ (water).
  1328 | D:2      | 1328 ||| UPGRADING to +0 cloak.
  1333 | D:2      | 1333 ||| DROPPING +0 leather armour.
  1338 | D:2      | 1338 ||| READING scroll labelled XURARI WUODE.
  1461 | D:3      | Reached skill level 3 in Fighting
  1464 | D:3      | Reached XP level 5. HP: 45/45 MP: 5/5
  1697 | D:3      | Identified the amulet "Waecopp" {Spirit Dex+2 Slay+3}
  1700 | D:3      | Identified the +4 spear of Doom {pain, rElec rC+ Str+6
                  | Dex+3}
  1875 | D:3      | Found the +5 woodcutter's axe
  1883 | D:3      | Reached skill level 6 in Ranged Weapons
  1887 | D:3      | Reached XP level 6. HP: 34/51 MP: 6/6
  2152 | D:3      | Reached skill level 1 in Armour
  2293 | D:3      | Found an opulent altar of Gozag.
  2298 | D:3      | 2298 ||| UPGRADING to amulet "Waecopp" {Spirit Dex+2
                  | Slay+3}.
  2303 | D:3      | 2303 ||| DRINKING 3 sedimented blue potions.
  2304 | D:3      | 2304 ||| DRINKING 2 puce potions.
  2318 | D:4      | 2318 ||| PLANNING OSSUARY
  2321 | D:4      | Found a basalt altar of Yredelemnul.
  2326 | D:4      | Found a bloodstained altar of Trog.
  2329 | D:4      | Found a stormy altar of Qazlal.
  2330 | D:4      | Found a broken altar of Ashenzari.
  2332 | D:4      | Found a hazy altar of Hepliaklqana.
  2518 | D:4      | Found Vic Wys's Distillery.
  2524 | D:4      | 2524 ||| BUYING 2 potions of curing (72 gold).
  2524 | D:4      | Bought 2 potions of curing for 72 gold pieces
  2524 | D:4      | 2524 ||| BUYING potion of curing (36 gold).
  2524 | D:4      | Bought a potion of curing for 36 gold pieces
  2524 | D:4      | 2524 ||| SHOPLISTING potion of heal wounds (60 gold, have
                  | 15).
  2707 | D:4      | Found a sand-covered staircase.
  2718 | Ossuary  | Entered an ossuary
  2859 | Ossuary  | Reached skill level 7 in Ranged Weapons
  3019 | Ossuary  | Reached XP level 7. HP: 59/59 MP: 7/7
  3101 | Ossuary  | Reached skill level 8 in Ranged Weapons
  3152 | Ossuary  | 3152 ||| READING scroll labelled XOUNEC MUKOWNE.
  3153 | Ossuary  | 3153 ||| DRINKING 2 sedimented cyan potions.
  3164 | D:4      | 3164 ||| PLANNING D:1-11
  3273 | D:4      | Found Moudayma's Assorted Antiques.
  3280 | D:4      | 3280 ||| BUYING brown potion (26 gold).
  3280 | D:4      | Bought a brown potion for 26 gold pieces
  3280 | D:4      | 3280 ||| SHOPLISTING curved lead wand (116 gold, have 29).
  3280 | D:4      | 3280 ||| BUYING metallic puce potion (26 gold).
  3280 | D:4      | Bought a metallic puce potion for 26 gold pieces
  3280 | D:4      | 3280 ||| SHOPLISTING metallic puce potion (26 gold, have
                  | 3).
  3280 | D:4      | 3280 ||| SHOPLISTING scroll labelled YLESYO YLAC (29 gold,
                  | have 3).
  3665 | D:4      | 3665 ||| DRINKING 7 potions of curing.
  3665 | D:4      | 3665 ||| (to cure confusion)
  3815 | D:4      | 3815 ||| UPGRADING to +2 pair of boots.
  3820 | D:4      | 3820 ||| READING scroll labelled YLESYO YLAC.
  3821 | D:4      | 3821 ||| DRINKING 2 brown potions.
  3821 | D:4      | Gained mutation: You have a pair of large horns on your
                  | head. [potion of mutation]
  3821 | D:4      | Gained mutation: You passively map a small area around you.
                  | [potion of mutation]
  3821 | D:4      | Gained mutation: You have hidden genetic potential. [potion
                  | of mutation]
  3822 | D:4      | 3822 ||| DRINKING 2 metallic puce potions.
  3823 | D:4      | 3823 ||| DROPPING potion of degeneration.
  3892 | D:5      | Entered Level 5 of the Dungeon
  3943 | D:5      | HP: 8/60 [centaur/arrow (10)]
  3944 | D:5      | Shot with an arrow by a centaur

Levels and vault maps discovered:
D:1:      dpeg_arrival_orchard, layout_rooms, serial_bayou, serial_bayou_pond_a,
          serial_bayou_shore_a, serial_bayou_shore_b, serial_bayou_pond_c,
          serial_bayou_pond_d
D:2:      layout_basic, shapermc_ecumenical_altar_acropolis
D:3:      layout_basic, mainiacjoe_overflow_alcove_1,
          pf_guarded_unrand_woodcutter
D:4:      layout_layer_cave, minitemple, nicolae_ossuary_entry_ruins,
          serial_shops, shop, nicolae_shop_just_a_little_nook
D:5:      layout_basic, minmay_manual_mares

Skill      XL: |  1  2  3  4  5  6  7 |
---------------+----------------------+-----
Ranged Weapons | 3 4 5 6 7 8 |  8.0
Fighting       | 2 3 4 5 |  5.2
Armour         | 1 |  1.0
Dodging        | |  2.9
Spellcasting   | |  1.0
Hexes          | |  2.0

Action                     |  1- 3 |  4- 6 |  7- 9 || total
---------------------------+-------+-------+-------++-------
   Fire: Sling             |    81 |   174 |    49 ||   304
    Use: Scroll            |     3 |     1 |     2 ||     6
         Potion            |       |     2 |     4 ||     6
 Armour: Robe              |     5 |       |       ||     5
         Leather armour    |       |    14 |     7 ||    21
  Dodge: Dodged            |    19 |    59 |    17 ||    95

Table legend:
 A = Non-vault XP
 B = Vault XP
 C = Vault XP percentage of total XP
 D = Non-vault monster count
 E = Vault monster count
 F = Vault count percentage of total count
                 A         B        C        D         E       F
            +---------+---------+-------+---------+---------+-------
      Total |     470 |     701 |  59.9 |      78 |      41 |  34.5
            +---------+---------+-------+---------+---------+-------
        D:1 |      45 |       0 |   0.0 |      27 |       0 |   0.0
        D:2 |     126 |       0 |   0.0 |      23 |       0 |   0.0
        D:3 |      85 |     146 |  63.2 |      15 |       5 |  25.0
        D:4 |     172 |       0 |   0.0 |      11 |       0 |   0.0
        D:5 |      42 |     112 |  72.7 |       2 |       1 |  33.3
    Ossuary |       0 |     443 | 100.0 |       0 |      35 | 100.0
            +---------+---------+-------+---------+---------+-------
